 Dungeon Crawl Stone Soup version 0.18-a0-1507-g69458e0 (webtiles) character file.

382454 foreverhohol the Executioner (level 21, -1/204 HPs)
             Began as a Minotaur Berserker on Mar 5, 2016.
             Was a High Priest of Trog.
             Slain by an iron troll (12 damage)
             ... on level 5 of the Depths.
             The game lasted 02:24:17 (47236 turns).

foreverhohol the Executioner (Minotaur Berserker)  Turns: 47236, Time: 02:24:18

Health: -1/204     AC: 26    Str: 33    XL:     21   Next: 93%
Magic:  6/6        EV: 23    Int:  7    God:    Trog [*****.]
Gold:   2630       SH:  0    Dex: 24    Spells: 0 memorised, 20 levels left

rFire  + . .     SeeInvis +     e - +9 executioner's axe (antimagic)
rCold  . . .     Gourm    .     q - +1 crystal plate armour
rNeg   . . .     Faith    .     (shield currently unavailable)
rPois  .         Spirit   .     i - +2 hat
rElec  .         Dismiss  .     p - +2 cloak of Mental Paralysis {rF+ rCorr}
rCorr  +         Reflect  +     M - +2 pair of gloves "Tyecs" {Str+5 Dex+3 Stlth-}
SustAt .         Harm     .     (no boots)
MR     +....                    W - amulet of Fofou {Reflect SH+2 SInv}
Stlth  ..........               y - ring of resist corrosion
                                f - ring of Idealism {Str+2 Int+3 Dex+5}

@: confused, exhausted, vulnerable, corroded equipment, very slightly
contaminated, regenerating, somewhat resistant to hostile enchantments,
extremely unstealthy
A: retaliatory headbutt, hooves 1, horns 2, camouflage 1, evolution 1
a: Berserk, Trog's Hand, Brothers in Arms, Burn Spellbooks, Renounce Religion
}: 2/15 runes: decaying, gossamer


You were on level 5 of the Depths.
You worshipped Trog.
Trog was extremely pleased with you.
You were near starving.

You visited 7 branches of the dungeon, and saw 41 of its levels.
You also visited: Ice Cave.

You collected 5047 gold pieces.
You spent 2417 gold pieces at shops.

Inventory:

Hand Weapons
 e - a +9 antimagic executioner's axe (weapon)
 w - the +6 battleaxe "Tiesav" {chop, rF+ rC+}
   (Trog gifted it to you on level 2 of the Orcish Mines)

   It inflicts extra damage upon your enemies.
   It protects you from fire.
   It protects you from cold.
Missiles
 b - 3 throwing nets
 d - 18 javelins of penetration
 x - 8 javelins of returning (quivered)
 O - 16 poisoned javelins
 U - 17 silver javelins
Armour
 i - a +2 hat (worn)
 p - the +2 cloak of Mental Paralysis (worn) {rF+ rCorr}
   (You found it in an ice cave)

   It protects you from fire.
   It protects you from acid and corrosion.
 q - a +1 crystal plate armour (worn)
 M - the +2 pair of gloves "Tyecs" (worn) {Str+5 Dex+3 Stlth-}
   (You found it in an ice cave)

   It affects your strength (+5).
   It affects your dexterity (+3).
   It makes you less stealthy.
Jewellery
 f - the ring of Idealism (left hand) {Str+2 Int+3 Dex+5}
   (You took it off a deep elf demonologist on level 3 of the Elven Halls)

   [ring of strength]

   It affects your strength (+2).
   It affects your intelligence (+3).
   It affects your dexterity (+5).
 o - the ring "Jagyc" {SustAt rC+ rN++}
   (You found it on level 1 of the Depths)

   [ring of sustain attributes]

   It sustains your strength, intelligence and dexterity.
   It protects you from cold.
   It greatly protects you from negative energy.
 y - a ring of resist corrosion (right hand)
 I - a +4 ring of slaying
 W - the amulet of Fofou (around neck) {Reflect SH+2 SInv}
   (You took it off a deep elf sorcerer on level 3 of the Elven Halls)

   [amulet of reflection]

   It shields you and reflects attacks.
   It lets you see invisible.
   It affects your SH (+2).
Wands
 z - a wand of digging (0/24)
 B - a wand of disintegration (20/24)
 C - a wand of heal wounds (3/9)
 F - a wand of digging (9/24)
 K - a wand of teleportation (8/9)
 N - a wand of digging (1/24)
Scrolls
 g - 4 scrolls of magic mapping
 j - 3 scrolls of teleportation
 u - 10 scrolls of identify
 G - a scroll of silence
 P - 5 scrolls of fog
 T - 19 scrolls of remove curse
Potions
 a - 2 potions of magic
 k - 6 potions of heal wounds
 m - 24 potions of curing
 n - 9 potions of flight
 r - 4 potions of ambrosia
 s - 3 potions of brilliance
 t - 3 potions of agility
 D - 4 potions of haste
 H - 2 potions of cure mutation
 J - a potion of resistance
 Q - 7 potions of cancellation
 V - 5 potions of might
 X - 2 potions of invisibility
Comestibles
 c - 26 bread rations
 h - 7 chunks of flesh
 v - a royal jelly
 A - 9 fruits
 E - 14 meat rations
 L - 3 beef jerkies


   Skills:
 + Level 21.1 Fighting
 * Level 25.9 Axes
 - Level 8.0 Throwing
 + Level 20.7 Armour
 + Level 18.5 Dodging


You had 20 spell levels left.
You didn't know any spells.

Dungeon Overview and Level Annotations

Branches:
Dungeon (15/15)            Temple (0/1) D:7            Lair (8/8) D:9
  Swamp (4/4) Lair:3       Spider (4/4) Lair:4        Slime (0/6) Lair:8
    Orc (2/2) D:12            Elf (3/3) Orc:2        Vaults (0/5) D:13
 Depths (5/5) D:15
    Zot: Depths:5

Altars:
Ashenzari
Dithmenos
Elyvilon
Fedhas
Kikubaaqudgha
Nemelex Xobeh
Qazlal
Vehumet
Xom
Yredelemnul
The Shining One
Jiyva

Shops:
Orc:2 ([**:   Elf:3 (

Portals:
Hell: Depths:1 Depths:2 Depths:3 Depths:4
Abyss: Depths:2 Depths:3 Depths:4
Pandemonium: Depths:2 Depths:3
Ziggurat: Depths:4


Innate Abilities, Weirdness & Mutations

You reflexively headbutt those who attack you in melee.
You have a pair of horns on your head.
You have large cloven feet.
Your skin changes colour to match your surroundings (Stealth).
You evolve.


Message History

The phantasmal warrior closely misses you.
The iron troll barely misses you. The iron troll claws you!
The iron troll claws you.
Evoke which item? (* to show all) (? for menu, Esc to quit)
Zapping:
C - a wand of heal wounds (5/9)
Press: ? - help, Shift-Dir - straight line, f - you This wand has 4 charges left.
The deep troll misses you.
The deep troll claws you but does no damage.
The deep troll misses you. The phantasmal warrior hits you.
The phantasmal warrior misses you.
Evoke which item? (* to show all) (? for menu, Esc to quit)
Zapping:
C - a wand of heal wounds (4/9)
Press: ? - help, Shift-Dir - straight line, f - you This wand has 3 charges left.
The deep troll bites you.
The deep troll claws you but does no damage.
The deep troll barely misses you.
The vampire knight hits you but does no damage.
The vampire knight closely misses you. The iron troll closely misses you.
The iron troll claws you!
You die...

##.#...#
++..##)...##
#....##....#
.....#....#
#....##.'###
#.....##'..#
#....#....##
#.eWV##....#
#T@TT#....#
#TTW.#§≈..#
#[T..#.§§.#
#....#.§..#
#....#.8..#
##C'##§§.<#
#''##§≈§.#
....#§§§.#
#.≈..#


You could see 2 iron trolls, a vampire knight, an ettin, 3 deep trolls, a deep
elf high priest, 2 phantasmal warriors and a deep troll shaman.

Vanquished Creatures
  Mara (Spider:4)
  Mennas (Depths:4)
  Saint Roka (Elf:2)
  4 caustic shrikes (Depths:4)
  2 golden dragons
  Arachne (Spider:4)
  A lich (Depths:2)
  A bone dragon (Swamp:4)
  Jorgrun (Swamp:2)
  Rupert (Orc:2)
  2 deep elf blademasters
  2 acid blobs (Lair:8)
  Agnes (Elf:2)
  3 thorn hunters
  Roxanne (D:15)
  A storm dragon (Depths:5)
  2 tengu reavers (Depths:4)
  6 fire giants
  6 deep elf sorcerers
  Donald (Swamp:1)
  8 frost giants
  An iron dragon (Depths:4)
  A balrug (Depths:1)
  5 ghost moths
  An orc warlord (Orc:2)
  A curse skull (Depths:2)
  4 emperor scorpions
  3 deep elf elementalists (Elf:3)
  16 stone giants
  2 spriggan defenders (Depths:3)
  3 very ugly things (Depths:1)
  5 deep elf demonologists (Elf:3)
  2 vampire knights (Depths:3)
  8 deep elf annihilators
  A yellow draconian (Depths:5)
  Azrael (D:15)
  11 spark wasps
  7 fire dragons
  Snorg (D:10)
  2 merfolk javelineers
  2 blizzard demons (IceCv)
  4 vault guards (D:13)
  6 deep elf death magi
  3 ettins
  4 yaktaur captains
  Josephine (D:14)
  3 deep elf high priests
  8 ice dragons
  6 rakshasas
  8 entropy weavers
  6 ogre magi
  3 ghost crabs
  2 great orbs of eyes (Depths:4)
  13 hydras
  6 spriggan air magi
  20 dancing weapons
  3 alligators
  6 deep troll shamans
  6 centaur warriors
  5 death yaks (Lair:7)
  3 deep troll earth magi
  3 tengu warriors
  A vampire mage (Depths:3)
  Urug (D:13)
  2 orc high priests (Orc:2)
  5 spriggans
  23 deep elf knights
  2 sun demons (Depths:1)
  6 soul eaters (Depths:2)
  Sonja (D:15)
  2 spriggan berserkers
  3 iron trolls
  8 deep trolls
  7 hell knights (Depths:2)
  3 giant orange brains
  A flayed ghost (Depths:3)
  3 spectral hydras (Swamp:4)
  3 wizards
  3 spriggan druids
  A sea snake (shapeshifter) (Depths:2)
  7 orc knights
  17 deep elf archers
  4 phantasmal warriors
  12 hill giants
  18 orb spiders
  2 griffons (Lair:6)
  68 deep elf magi
  9 orc sorcerers
  18 wolf spiders
  46 slime creatures
  3 manticores
  7 ugly things
  A cyclops (D:14)
  4 hornets
  4 moths of wrath
  A guardian serpent (shapeshifter) (Depths:3)
  5 centaur zombies
  13 elephants
  A griffon (shapeshifter) (D:15)
  Joseph (D:9)
  A black mamba (shapeshifter) (Depths:2)
  10 black mambas
  2 gargoyles
  A guardian serpent (Lair:8)
  A torpor snail (Spider:4)
  19 spiny frogs
  An ice statue (Lair:2)
  11 demonic crawlers
  3 efreet
  5 rime drakes
  6 freezing wraiths
  3 tengu conjurers
  4 swamp worm zombies (Swamp:4)
  4 anaconda simulacra (IceCv)
  A golden dragon simulacrum (IceCv)
  14 yaktaurs
  11 komodo dragons
  A queen bee (shapeshifter) (Depths:4)
  7 ice devils
  3 polar bears (Lair:2)
  4 hydra zombies (Swamp:4)
  9 trolls
  A merfolk (D:9)
  9 giant leeches
  A wolf spider simulacrum (IceCv)
  28 jumping spiders
  Grinder (D:4)
  3 boulder beetles
  12 bog bodies
  10 two-headed ogres
  5 spectral swamp dragons (Swamp:4)
  A harpy skeleton (D:15)
  5 alligator zombies (Swamp:4)
  15 blink frogs
  10 air elementals
  A redback (shapeshifter) (Depths:3)
  2 shadows
  68 redbacks
  22 yaks
  A vampire (D:15)
  18 water elementals
  3 dire elephant simulacra (IceCv)
  9 fire elementals
  38 tarantellas
  5 wraiths
  3 wyverns
  2 hungry ghosts
  A human (D:13)
  4 basilisks
  11 hippogriffs
  6 steam dragons
  27 vampire mosquitoes
  20 insubstantial wisps
  A harpy simulacrum (IceCv)
  18 wolves
  4 wargs
  2 iron troll simulacra (IceCv)
  3 mottled dragons
  A soldier ant (shapeshifter) (D:15)
  13 swamp worms
  A soldier ant (D:10)
  23 water moccasins
  11 porcupines
  2 swamp drakes
  2 hydra simulacra (IceCv)
  12 ice beasts
  2 ettin simulacra (IceCv)
  4 sky beasts
  A hell hound (D:15)
  An eye of draining (D:15)
  8 phantoms
  5 black bears
  45 orc warriors
  3 swamp dragon zombies (Swamp:4)
  An alligator simulacrum (IceCv)
  A necrophage (D:11)
  17 wasps
  3 boggarts (D:15)
  13 centaurs
  31 ogres
  A crocodile (shapeshifter) (Depths:3)
  16 crocodiles
  2 big kobolds
  13 giant frogs
  Blork the orc (D:5)
  2 earth elementals (Elf:1)
  A gnoll sergeant (D:9)
  A wyvern skeleton (D:9)
  6 scorpions
  11 wights
  10 killer bees (D:13)
  5 electric eels
  13 howler monkeys
  2 draconian simulacra (IceCv)
  4 giant frog zombies
  A wasp zombie (D:5)
  6 crimson imps
  A quasit (D:13)
  4 hounds
  6 jellies
  29 orc priests
  2 giant frog skeletons
  28 orc wizards
  5 centaur skeletons
  11 iguanas
  Natasha (thrice) (D:4)
  3 spriggan simulacra (IceCv)
  15 worker ants
  3 troll simulacra (IceCv)
  2 polar bear simulacra (IceCv)
  11 sheep
  2 wolf simulacra (IceCv)
  2 centaur simulacra (IceCv)
  A mummy (D:11)
  A howler monkey zombie (D:11)
  A howler monkey skeleton (D:6)
  4 gnolls (D:4)
  16 adders
  An ogre simulacrum (IceCv)
  49 river rats
  4 naga simulacra (IceCv)
  3 shadow imps
  5 white imps
  An ufetubus (IceCv)
  2 oozes
  An adder skeleton (D:5)
  An adder zombie (D:5)
  4 worms
  2 dart slugs
  4 giant geckos
  101 orcs
  6 giant cockroaches
  14 goblins
  8 hobgoblins
  10 jackals
  8 kobolds
  5 quokkas
  2 ball pythons
  10 bats
  2 giant gecko skeletons
  6 giant newts
  17 rats
  4 briar patches (Swamp:4)
  A crawling corpse (Elf:3)
  9 fungi
  12 plants
1787 creatures vanquished.

Vanquished Creatures (collateral kills)
  2 deep elf sorcerers (Elf:3)
  A stone giant (Orc:2)
  Nessos (D:13)
  A deep elf annihilator (Elf:3)
  A spark wasp (Spider:4)
  A deep elf high priest (Elf:3)
  An orc high priest (Orc:2)
  A large abomination (Elf:3)
  2 orb spiders (Spider:4)
  A hornet (Spider:4)
  A manticore (D:13)
  A demonic crawler (Spider:4)
  3 jumping spiders (Spider:4)
  A basilisk (Lair:2)
  4 orc warriors (Orc:2)
  A giant frog (Lair:2)
  An orc priest (Orc:2)
  3 orcs (Orc:2)
  A crawling corpse (Elf:3)
28 creatures vanquished.

Vanquished Creatures (others)
  A ghost moth (Spider:4)
  An orb spider (Spider:4)
  A water elemental (Elf:3)
  5 sheep (D:5)
  A white imp (IceCv)
  An ufetubus (IceCv)
  14 fungi
  11 plants (Lair:8)
35 creatures vanquished.

Grand Total: 1850 creatures vanquished

Notes
Turn   | Place    | Note
--------------------------------------------------------------
     0 | D:1      | foreverhohol the Minotaur Berserker began the quest for the Orb.
     0 | D:1      | Reached XP level 1. HP: 19/19 MP: 0/0
   546 | D:1      | Reached skill level 4 in Axes
   678 | D:1      | Reached XP level 2. HP: 21/26 MP: 1/1
  1450 | D:2      | Reached skill level 5 in Axes
  1450 | D:2      | Reached XP level 3. HP: 31/31 MP: 2/2
  1587 | D:2      | Reached ** piety under Trog
  1790 | D:2      | Found a basalt altar of Yredelemnul.
  1814 | D:2      | Reached XP level 4. HP: 39/39 MP: 3/3
  2068 | D:3      | Reached skill level 6 in Axes
  2284 | D:3      | Found a blossoming altar of Fedhas.
  2308 | D:3      | Reached *** piety under Trog
  2487 | D:3      | Reached XP level 5. HP: 45/45 MP: 4/4
  2489 | D:3      | Reached skill level 7 in Axes
  2619 | D:3      | Found a sparkling altar of Nemelex Xobeh.
  2814 | D:4      | Reached skill level 8 in Axes
  2817 | D:4      | Reached XP level 6. HP: 51/51 MP: 5/5
  2860 | D:4      | Noticed Natasha
  2884 | D:4      | Killed Natasha
  2905 | D:4      | Noticed Natasha
  2946 | D:4      | Noticed Grinder
  2960 | D:4      | Killed Grinder
  2960 | D:4      | Reached skill level 9 in Axes
  2960 | D:4      | Reached XP level 7. HP: 57/57 MP: 6/6
  2961 | D:4      | Reached **** piety under Trog
  3092 | D:4      | Reached skill level 10 in Axes
  3211 | D:4      | Killed Natasha
  3611 | D:4      | Reached skill level 1 in Throwing
  3874 | D:4      | Noticed Natasha
  3883 | D:4      | Killed Natasha
  3900 | D:5      | Entered Level 5 of the Dungeon
  3926 | D:5      | Found a white marble altar of Elyvilon.
  3927 | D:5      | You fall through a shaft for 2 floors!
  3933 | D:7      | Reached XP level 8. HP: 67/67 MP: 7/7
  4162 | D:5      | Reached skill level 5 in Fighting
  4357 | D:5      | Noticed Blork the orc
  4364 | D:5      | Killed Blork the orc
  4410 | D:5      | Found a radiant altar of Vehumet.
  4549 | D:5      | Found a stormy altar of Qazlal.
  4704 | D:5      | Found a shimmering altar of Xom.
  5125 | D:6      | Found a shadowy altar of Dithmenos.
  5291 | D:6      | Found a glowing golden altar of the Shining One.
  5561 | D:7      | Reached XP level 9. HP: 68/79 MP: 8/8
  5566 | D:7      | Received a gift from Trog
  5713 | D:7      | Reached skill level 5 in Armour
  5717 | D:7      | Reached skill level 5 in Dodging
  5862 | D:7      | Found a staircase to the Ecumenical Temple.
  6203 | D:8      | Reached skill level 11 in Axes
  6397 | D:8      | Reached ***** piety under Trog
  6622 | D:8      | Received a gift from Trog
  6919 | D:9      | Noticed Joseph
  6939 | D:9      | Killed Joseph
  6939 | D:9      | Reached XP level 10. HP: 76/91 MP: 9/9
  6982 | D:9      | Received a gift from Trog
  7008 | D:9      | Got a brightly glowing battleaxe {god gift}
  7009 | D:9      | Identified the +6 battleaxe of Battle {venom, rN+ Stlth+} (Trog gifted it to you on level 9 of the Dungeon)
  7132 | D:9      | Noticed a brown ugly thing
  7136 | D:9      | Noticed a deep elf mage
  7174 | D:9      | Killed a deep elf mage
  7174 | D:9      | Reached skill level 10 in Fighting
  7174 | D:9      | Reached skill level 5 in Throwing
  7178 | D:9      | Killed a brown ugly thing
  7300 | D:9      | Found a staircase to the Lair.
  7897 | D:10     | Entered Level 10 of the Dungeon
  7909 | D:10     | Reached skill level 12 in Axes
  8150 | D:10     | Noticed Snorg
  8160 | D:10     | Killed Snorg
  8160 | D:10     | Reached XP level 11. HP: 58/101 MP: 10/10
  8575 | D:10     | Noticed a hill giant
  8582 | D:10     | Killed a hill giant
  8995 | D:11     | Reached skill level 13 in Axes
  9001 | D:11     | Noticed a hill giant
  9011 | D:11     | Killed a hill giant
  9011 | D:11     | Received a gift from Trog
  9186 | D:11     | Noticed a red ugly thing
  9191 | D:11     | Killed a red ugly thing
  9450 | D:11     | Noticed a hill giant
  9454 | D:11     | Killed a hill giant
  9798 | D:11     | Noticed a hill giant
  9799 | D:11     | Noticed a five-headed hydra
  9810 | D:11     | Killed a three-headed hydra
  9812 | D:11     | Killed a hill giant
  9812 | D:11     | Reached XP level 12. HP: 111/111 MP: 11/11
 10129 | D:12     | Reached skill level 14 in Axes
 10520 | D:12     | Found a staircase to the Orcish Mines.
 11168 | D:12     | Reached skill level 10 in Armour
 11196 | D:12     | Received a gift from Trog
 11358 | D:13     | Noticed a centaur warrior
 11364 | D:13     | Noticed Nessos
 11374 | D:12     | Killed a centaur warrior
 11530 | D:12     | Noticed a four-headed hydra
 11539 | D:12     | Killed a one-headed hydra
 11560 | D:13     | Killed Nessos
 11576 | D:13     | Found a basalt altar of Yredelemnul.
 11638 | D:13     | Reached skill level 15 in Axes
 11686 | D:13     | Noticed a vault guard
 11691 | D:13     | Noticed a vault guard
 11697 | D:13     | Noticed an ogre mage
 11705 | D:13     | Killed a vault guard
 11706 | D:13     | Killed an ogre mage
 11706 | D:13     | Reached XP level 13. HP: 91/119 MP: 12/12
 11903 | D:13     | Killed a vault guard
 11984 | D:13     | Found a gate to the Vaults.
 11984 | D:13     | Noticed a vault guard
 11985 | D:13     | Noticed a vault guard
 11991 | D:13     | Killed a vault guard
 11993 | D:13     | Killed a vault guard
 11993 | D:13     | Reached skill level 10 in Dodging
 12404 | D:13     | Noticed Urug
 12418 | D:13     | Killed Urug
 12808 | D:14     | Received a gift from Trog
 12916 | D:14     | Reached skill level 16 in Axes
 13131 | D:14     | Noticed Josephine
 13140 | D:14     | Killed Josephine
 13431 | D:14     | Found a viscous altar of Jiyva.
 13640 | D:15     | Entered Level 15 of the Dungeon
 13691 | D:15     | Noticed Sonja
 13702 | D:15     | Killed Sonja
 14324 | D:15     | Noticed Azrael
 14328 | D:15     | Received a gift from Trog
 14340 | D:15     | Killed Azrael
 14637 | D:15     | Noticed Roxanne
 14666 | D:15     | Killed Roxanne
 14666 | D:15     | Reached skill level 17 in Axes
 14666 | D:15     | Reached XP level 14. HP: 105/129 MP: 13/13
 14945 | D:15     | Received a gift from Trog
 14957 | D:15     | Noticed a storm dragon
 14957 | D:15     | a dire elephant changed into a storm dragon
 14960 | D:15     | a storm dragon changed into something unseen
 14974 | D:15     | Found a staircase to the Depths.
 15679 | Orc:1    | Entered Level 1 of the Orcish Mines
 15726 | Orc:1    | Paralysed by an orc sorcerer for 3 turns
 16111 | Orc:2    | Entered Level 2 of the Orcish Mines
 16138 | Orc:2    | Received a gift from Trog
 16218 | Orc:2    | Found Orghuw's Assorted Antiques.
 16259 | Orc:2    | Found a staircase to the Elven Halls.
 16282 | Orc:2    | Noticed Rupert
 16288 | Orc:2    | Paralysed by Rupert for 2 turns
 16298 | Orc:2    | Killed Rupert
 16731 | Orc:2    | Received a gift from Trog
 16734 | Orc:2    | Got an iridescent battleaxe {god gift}
 16736 | Orc:2    | Identified the +6 battleaxe "Tiesav" {chop, rF+ rC+} (Trog gifted it to you on level 2 of the Orcish Mines)
 16752 | Orc:2    | Noticed an orc warlord
 16763 | Orc:2    | Killed an orc warlord
 17138 | Orc:2    | Reached skill level 18 in Axes
 17204 | Orc:2    | Received a gift from Trog
 17342 | Orc:2    | Noticed a stone giant
 17349 | Orc:2    | Killed a stone giant
 17569 | Orc:2    | Found Hagg's Antique Armour Emporium.
 17570 | Orc:2    | Found Dukk's Antique Weapon Emporium.
 17571 | Orc:2    | Found Uforruj's General Store.
 17571 | Orc:2    | Found Syqevoj's Book Shoppe.
 17585 | Orc:2    | Bought a pair of glowing gloves for 103 gold pieces
 17788 | Orc:1    | Received a gift from Trog
 17798 | Orc:1    | Received a gift from Trog
 17870 | Orc:1    | Reached XP level 15. HP: 132/139 MP: 14/14
 18213 | Lair:1   | Entered Level 1 of the Lair of Beasts
 18940 | Lair:1   | Received a gift from Trog
 18958 | Lair:1   | Received a gift from Trog
 19888 | Lair:2   | Received a gift from Trog
 19893 | Lair:2   | Got an ebony battleaxe {god gift}
 19894 | Lair:2   | Identified the +1 battleaxe of Instant Death {antimagic, +Rage +Inv} (Trog gifted it to you on level 2 of the Lair of Beasts)
 19978 | Lair:2   | Identified a scroll of acquirement
 20172 | Lair:3   | Reached ****** piety under Trog
 20576 | Lair:3   | Reached skill level 19 in Axes
 20601 | Lair:3   | Found a staircase to the Swamp.
 20899 | Lair:4   | Reached skill level 15 in Fighting
 21324 | Lair:4   | Found a hole to the Spider Nest.
 21807 | Lair:5   | Received a gift from Trog
 22254 | Lair:6   | Received a gift from Trog
 22457 | Lair:6   | Received a gift from Trog
 22664 | Lair:6   | Got a bloodstained broad axe {god gift}
 22665 | Lair:6   | Identified the +11 broad axe "Diosm" {antimagic, Fragile rF+ Int+6 SInv} (Trog gifted it to you on level 6 of the Lair of Beasts)
 24244 | Lair:8   | Entered Level 8 of the Lair of Beasts
 24368 | Lair:8   | Received a gift from Trog
 24428 | Lair:8   | Found a runed door.
 24453 | Lair:8   | Found a viscous altar of Jiyva.
 24460 | Lair:8   | Noticed an acid blob
 24461 | Lair:8   | Found a staircase to the Slime Pits.
 24461 | Lair:8   | Noticed an acid blob
 24739 | Lair:8   | Reached XP level 16. HP: 119/149 MP: 15/15
 24940 | Lair:8   | Received a gift from Trog
 25227 | Lair:8   | Killed an acid blob
 25234 | Lair:8   | Killed an acid blob
 25234 | Lair:8   | Reached skill level 20 in Axes
 25674 | Lair:8   | Received a gift from Trog
 26159 | Orc:2    | Bought a glowing crystal plate armour for 1840 gold pieces
 26202 | Orc:2    | Bought a potion of curing for 39 gold pieces
 26232 | Orc:2    | Bought an inky potion for 18 gold pieces
 26232 | Orc:2    | Bought a scroll of teleportation for 63 gold pieces
 26232 | Orc:2    | Bought a glowing puce potion for 18 gold pieces
 26232 | Orc:2    | Bought 2 potions of cancellation for 336 gold pieces
 26238 | Orc:2    | Gained mutation: You evolve. [potion of beneficial mutation]
 26475 | Swamp:1  | Entered Level 1 of the Swamp
 26774 | Swamp:1  | Found an ancient bone altar of Kikubaaqudgha.
 26781 | Swamp:1  | Noticed a thorn hunter
 26791 | Swamp:1  | Killed a thorn hunter
 26835 | Swamp:1  | Reached skill level 15 in Armour
 26846 | Swamp:1  | Noticed Donald
 26854 | Swamp:1  | Killed Donald
 26898 | Swamp:1  | You fall through a shaft!
 26910 | Swamp:2  | Received a gift from Trog
 26956 | Swamp:2  | Found a frozen archway.
 26977 | IceCv    | Entered an ice cave
 27070 | IceCv    | Got an ancient cloak
 27081 | IceCv    | Identified the +2 cloak of Mental Paralysis {rF+ rCorr} (You found it in an ice cave)
 27790 | IceCv    | Got a pair of encrusted gloves
 27802 | IceCv    | Identified the +2 pair of gloves "Tyecs" {Str+5 Dex+3 Stlth-} (You found it in an ice cave)
 28241 | Swamp:2  | Noticed Jorgrun
 28262 | Swamp:2  | Killed Jorgrun
 28336 | Swamp:2  | Noticed a thorn hunter
 28348 | Swamp:2  | Killed a thorn hunter
 29045 | Swamp:3  | Received a gift from Trog
 29536 | Swamp:4  | Entered Level 4 of the Swamp
 29847 | Swamp:4  | Reached XP level 17. HP: 147/160 MP: 16/16
 30802 | Swamp:4  | Noticed a bone dragon
 30814 | Swamp:4  | Killed a bone dragon
 30853 | Swamp:4  | Reached skill level 21 in Axes
 30869 | Swamp:4  | Got a decaying rune of Zot
 31074 | Swamp:4  | Received a gift from Trog
 31321 | Spider:1 | Entered Level 1 of the Spider Nest
 31604 | Spider:1 | Received a gift from Trog
 31835 | Spider:1 | Received a gift from Trog
 32821 | Spider:2 | Received a gift from Trog
 33170 | Spider:3 | Reached skill level 15 in Dodging
 33362 | Spider:3 | Received a gift from Trog
 33437 | Spider:3 | Reached XP level 18. HP: 152/167 MP: 17/17
 33461 | Spider:3 | Received a gift from Trog
 33718 | Spider:4 | Entered Level 4 of the Spider Nest
 33799 | Spider:4 | Received a gift from Trog
 34037 | Spider:4 | Noticed Arachne
 34054 | Spider:4 | Killed Arachne
 34084 | Spider:4 | Noticed Mara
 34090 | Spider:4 | Noticed foreverhohol's illusion
 34655 | Spider:4 | Got a gossamer rune of Zot
 34778 | Spider:4 | Killed Mara
 34892 | Spider:4 | Received a gift from Trog
 35067 | Lair:1   | Gained mutation: Your skin changes colour to match your surroundings (Stealth). [evolution]
 35305 | Elf:1    | Entered Level 1 of the Elven Halls
 35561 | Elf:1    | Received a gift from Trog
 35734 | Elf:1    | Received a gift from Trog
 35810 | Elf:1    | Reached skill level 22 in Axes
 36877 | Elf:2    | Noticed Saint Roka
 36882 | Elf:2    | Received a gift from Trog
 36895 | Elf:2    | Received a gift from Trog
 37266 | Elf:2    | Killed Saint Roka
 37457 | Elf:2    | Reached XP level 19. HP: 178/178 MP: 6/18
 37958 | Elf:2    | Received a gift from Trog
 37975 | Elf:2    | Found a runed gate.
 37975 | Elf:2    | Found a runed gate.
 37987 | Elf:2    | Found a runed gate.
 38050 | Elf:2    | Noticed Agnes
 38056 | Elf:2    | Killed Agnes
 38150 | Elf:2    | Received a gift from Trog
 38155 | Elf:2    | Got a slimy battleaxe {god gift}
 38161 | Elf:2    | Identified the +11 battleaxe "Newtslayer" {chop, Int+6 Dex+3} (Trog gifted it to you on level 2 of the Elven Halls)
 38336 | Elf:2    | Reached skill level 23 in Axes
 38725 | Elf:3    | Entered Level 3 of the Elven Halls
 38796 | Elf:3    | Noticed a Brimstone Fiend
 38797 | Elf:3    | Received a gift from Trog
 38810 | Elf:3    | Received a gift from Trog
 39056 | Elf:3    | Found Suuvej's Antique Weapon Emporium.
 39511 | Elf:3    | Received a gift from Trog
 39579 | Elf:3    | Received a gift from Trog
 39600 | Elf:3    | Got a sparkling amethyst amulet
 39602 | Elf:3    | Identified the amulet of Fofou {Reflect SH+2 SInv} (You took it off a deep elf sorcerer on level 3 of the Elven Halls)
 39650 | Elf:3    | Got a clouded steel ring
 39652 | Elf:3    | Received a gift from Trog
 39658 | Elf:3    | Identified the ring of Idealism {Str+2 Int+3 Dex+5} (You took it off a deep elf demonologist on level 3 of the Elven Halls)
 40383 | D:13     | Gained mutation: Scrolls take you a little longer to read. [evolution]
 40433 | Depths:1 | Entered Level 1 of the Depths
 40442 | Depths:1 | Reached XP level 20. HP: 188/188 MP: 6/19
 40741 | Depths:1 | Reached skill level 24 in Axes
 40998 | Depths:1 | Found a shattered altar of Ashenzari.
 41014 | Depths:1 | Got a vibrating granite ring
 41377 | Depths:1 | Received a gift from Trog
 41390 | Depths:1 | Found a gateway to Hell.
 41765 | Depths:2 | Noticed a lich
 41786 | Depths:2 | Killed a lich
 41810 | Depths:2 | Received a gift from Trog
 41815 | Depths:2 | Got a warped battleaxe {god gift}
 41819 | Depths:2 | Identified the +1 battleaxe of Extermination {chop, *Noise rElec rN+++ Dex+4} (Trog gifted it to you on level 2 of the Depths)
 42417 | Depths:2 | Found a one-way gate to the infinite horrors of the Abyss.
 42457 | Depths:2 | Found a one-way gate leading to the halls of Pandemonium.
 43067 | Depths:3 | Lost mutation: Scrolls take you a little longer to read. [evolution]
 44222 | Depths:3 | Identified the ring "Jagyc" {SustAt rC+ rN++} (You found it on level 1 of the Depths)
 44335 | Depths:3 | Reached XP level 21. HP: 199/199 MP: 6/20
 44724 | Depths:4 | Reached skill level 25 in Axes
 44743 | Depths:4 | Noticed a golden dragon
 44750 | Depths:4 | Noticed a caustic shrike
 44750 | Depths:4 | Noticed a caustic shrike
 44750 | Depths:4 | Noticed a caustic shrike
 44751 | Depths:4 | Noticed a caustic shrike
 44761 | Depths:4 | Noticed Mennas
 45069 | Depths:4 | Killed a golden dragon
 45071 | Depths:4 | Killed a caustic shrike
 45072 | Depths:4 | Killed a caustic shrike
 45076 | Depths:4 | Killed a caustic shrike
 45078 | Depths:4 | Killed a caustic shrike
 45425 | Depths:4 | Killed Mennas
 45594 | Depths:4 | Found a gateway to a ziggurat.
 45702 | Depths:4 | Got a bronze ring mail
 45714 | Depths:4 | Identified the +2 ring mail of Activism {-Tele Regen+ Int+3 SInv} (You found it on level 4 of the Depths)
 45730 | Depths:4 | Gained mutation: You have large cloven feet. [evolution]
 46443 | Depths:5 | Entered Level 5 of the Depths
 46510 | Depths:5 | Noticed a golden dragon
 46528 | Depths:5 | Killed a golden dragon
 47212 | Depths:5 | Noticed a caustic shrike
 47214 | Depths:5 | Noticed a caustic shrike
 47215 | Depths:5 | Noticed a caustic shrike
 47218 | Depths:5 | Noticed a caustic shrike
 47221 | Depths:5 | Noticed a caustic shrike
 47223 | Depths:5 | Noticed a golden dragon
 47234 | Depths:5 | HP: 8/204 [iron troll (5)]
 47236 | Depths:5 | Slain by an iron troll

Vault maps used:
D:1:      evilmike_arrival_crescent
D:2:      lemuel_doored_altar, first_bread, corexii_item_surrounded_by_moat
D:3:      fedhas_altar_3, lemuel_crystal_altar
D:4:      uniq_natasha, uniq_grinder
D:5:      kb_xom_exploding_sheep, vehumet_altar_wand_db, basic_altar,
          grunt_qazlal_sundering, uniq_blork_the_orc
D:6:      kennysheep_mini, grunt_dithmenos_smoke
D:7:      temple_statues, hangedman_decor_growths
D:8:      serial_glass, glass_columns_b, glass_columns_b, glass_columns_c,
          glass_columns_c
D:9:      grunt_lair_entry_orc_guard_hut, serial_curves, eino_curves_01,
          eino_curves_04, hangedman_fish_farm, grunt_tough_drop, uniq_joseph
D:10:     nicolae_sextant, uniq_snorg
D:11:     serial_undead, serial_undead_a, serial_undead_e, serial_undead_b,
          serial_undead_e
D:12:     david_orc_1_choice
D:13:     grunt_vaults_entry_fortified, yredelemnul_altar_generic, uniq_urug,
          uniq_nessos
D:14:     minmay_misc_feat_more_columns, jiyva_altar_1, uniq_josephine
D:15:     gammafunk_enter_depths_forms, minmay_misc_feat_four_crosses,
          uniq_roxanne, uniq_azrael, uniq_sonja
Lair:2:   ice2_lemuel
Lair:3:   minmay_swamp_entry_worms
Lair:4:   spider_nest_entry_rubble
Lair:5:   hangedman_lair_unloving_vines
Lair:8:   guppyfry_lair_end_dragon, hangedman_lair_tendril_chambers,
          slime_altar_2, st_stairs_5
Swamp:1:  basic_altar, swamp_pool2, uniq_donald
Swamp:2:  portal_ice_cave_entry_frozen_things, nicolae_swamp_dense_foliage,
          uniq_jorgrun
Swamp:3:  evilmike_swamp_ruin_rubble_2, infiniplex_staircase_pool_2
Swamp:4:  swamp_pestilence
Spider:1: spider_trap, hangedman_spider_tarantella_strand
Spider:3: spiders_nest_ghost_moth_duel
Spider:4: johnstein_spider_rune_arachne_lair, uniq_mara
Orc:1:    elves_outpost_lemuel
Orc:2:    st_orc_congregation, serial_shops, shop, uniq_rupert
Elf:1:    minmay_elf_sorcery, grunt_ministairs_6
Elf:2:    uniq_agnes, uniq_saint_roka
Elf:3:    minmay_elf_hall_x, serial_shops, nicolae_shop_window_shopping
Depths:1: lightli_too_deep, evilmike_ruin_ashenzari, roderic_ancient_swastika,
          kennysheep_inner_square
Depths:2: evilmike_wizard_prison, pan_entry, abyss_entry,
          infiniplex_staircase_door_maze, pf_coc_iceberg, minmay_liquid_box
Depths:3: minmay_distorted_concentric_squares, pf_hell_entry_great_geh,
          abyss_entry_crystal, pan_entry, minmay_staircase_statues
Depths:4: minmay_skeletal_surprise, enter_ziggurat_a, abyss_entry,
          pf_hell_entry_tar_spiral, kennysheep_small_spiral,
          grunt_decor_clamped, st_stairs_5, infiniplex_staircase_zigzag_1,
          uniq_mennas
Depths:5: grunt_runaround, serial_shops, pan_entry, abyss_entry, hell_entry
IceCv:    ice_cave_caverns_03

Skill      XL: |  1  2  3  4  5  6  7  8  9 10 11 12 13 14 15 16 17 18 19 20 21 |
---------------+----------------------------------------------------------------+-----
Axes           | 4 5 6 8 9 10 11 12 13 15 17 18 19 20 21 22 23 24 25 | 25.9
Fighting       | 4 7 9 10 11 12 13 14 15 16 17 18 19 20 21 | 21.1
Throwing       | 1 3 4 5 7 8 |  8.0
Armour         | 3 4 6 7 9 10 12 13 14 16 17 18 19 20 | 20.7
Dodging        | 3 4 6 7 8 9 11 12 13 14 15 16 17 18 | 18.5

Action                   |  1- 3 |  4- 6 |  7- 9 | 10-12 | 13-15 | 16-18 | 19-21 || total
-------------------------+-------+-------+-------+-------+-------+-------+-------++-------
Melee: Hand axe          |    43 |    82 |   261 |    37 |    16 |       |       ||   439
       Battleaxe         |       |       |       |   323 |   919 |   997 |       ||  2239
       Executioner's axe |       |       |       |       |    38 |   156 |   875 ||  1069
 Fire: Hunting sling     |    25 |    31 |    15 |       |       |       |       ||    71
Throw: Stone             |    31 |       |       |       |       |       |       ||    31
       Javelin           |       |       |       |       |    14 |    73 |       ||    87
Invok: Berserk           |     4 |     5 |     7 |     6 |    15 |     9 |    13 ||    59
       Trog's Hand       |       |     1 |     4 |     1 |    14 |    11 |    24 ||    55
       Brothers in Arms  |       |       |       |     2 |     7 |     4 |     6 ||    19
       Burn Spellbooks   |       |       |       |       |       |     4 |     3 ||     7
Evoke: Wand              |       |       |       |       |       |       |     7 ||     7
  Use: Scroll            |       |     3 |    13 |    11 |     9 |    23 |    15 ||    74
       Potion            |       |       |       |       |     1 |     1 |     4 ||     6
 Stab: Distracted        |       |       |       |       |       |     1 |     1 ||     2
  Eat: Chunk             |     7 |     7 |    22 |    22 |    55 |    29 |    21 ||   163
       Pizza             |       |       |       |       |     4 |     4 |       ||     8
       Meat ration       |       |       |       |       |       |     3 |     5 ||     8
       Beef jerky        |       |       |       |       |       |     1 |       ||     1
       Royal jelly       |       |       |       |       |       |     1 |     1 ||     2
